 Dungeon Crawl Stone Soup version bcrawl-1.22 (webtiles) character file.

Game seed: 3994726879430136526

49656 pasperui the Nimble (level 14, -3/113 HPs)
             Began as a Gnoll Reaver on May 15, 2020.
             Was a High Priest of Vehumet.
             Slain by a large slime creature (22 damage)
             ... on level 11 of the Dungeon.
             The game lasted 01:43:29 (15069 turns).

pasperui the Nimble (Gnoll Reaver)                 Turns: 15069, Time: 01:43:30

Health: -3/113     AC: 15    Str: 19    XL:     14   Next: 51%
Magic:  35/40      EV: 20    Int: 20    God:    Vehumet [*****.]
Gold:   1415       SH: 13    Dex: 17    Spells: 7/33 levels left

rFire    + + .     SeeInvis .   r - +1 falchion (slice)
rCold    . . .     Gourm    .   z - +0 buckler
rNeg     . . .     Faith    .   b - +0 steam dragon scales
rPois    +         Spirit   .   D - +2 helmet {Int+3}
rElec    +         Reflect  +   y - +0 cloak
rCorr    .         Harm     .   G - +1 pair of gloves of Roefeb {rF++ MR- Regen+ Dex+4}
MR       .....                  l - +0 pair of boots
Stlth    ++++......             X - +3 amulet of reflection
HPRegen  0.68/turn              E - ring of magical power
MPRegen  0.27/turn              W - ring of poison resistance

@: very slightly contaminated
A: distributed training, fangs 1, high mp 1, electricity resistance, strong nose
a: Renounce Religion


You were on level 11 of the Dungeon.
You worshipped Vehumet.
Vehumet was extremely pleased with you.
You were not hungry.

You visited 3 branches of the dungeon, and saw 18 of its levels.

You collected 1585 gold pieces.
You spent 170 gold pieces at shops.

Inventory:

Hand Weapons
 r - a +1 falchion of slicing (weapon)
 Y - a +1 demon trident of venom
Missiles
 f - 105 tomahawks of dispersal
 u - 236 javelins
 B - 284 poisoned tomahawks
 U - 171 tomahawks (quivered)
Armour
 b - +0 steam dragon scales (worn)
 l - a +0 pair of boots (worn)
 y - a +0 cloak (worn)
 z - a +0 buckler (worn)
 D - a +2 helmet of intelligence (worn)
 G - the +1 pair of gloves of Roefeb (worn) {rF++ MR- Regen+ Dex+4}
   (You found it on level 2 of the Lair of Beasts)

   It affects your dexterity (+4).
   It greatly protects you from fire.
   It affects your resistance to hostile enchantments.
   It increases your rate of regeneration.
Magical Staves
 T - an uncursed staff of power
Jewellery
 x - an uncursed amulet of guardian spirit
 E - a ring of magical power (left hand)
 K - an uncursed ring of protection from cold
 M - an uncursed ring of protection from fire
 R - an uncursed ring of resist corrosion
 W - a ring of poison resistance (right hand)
 X - a +3 amulet of reflection (around neck)
Wands
 a - a wand of iceblast (17)
 i - a wand of flame (11)
 m - a wand of clouds (6)
 L - a wand of scattershot (2)
 N - a wand of paralysis (11)
 P - a wand of acid (1)
 S - a wand of digging (15)
 Z - a wand of enslavement (11)
Scrolls
 d - 4 scrolls of fog
 h - 5 scrolls of amnesia
 j - 6 scrolls of teleportation
 s - 4 scrolls of enchant armour
 v - 6 scrolls of identify
 w - a scroll of summoning
 A - 2 scrolls of blinking
 I - 7 scrolls of magic mapping
 O - 3 scrolls of fear
 V - 4 scrolls of remove curse
Potions
 c - a potion of ambrosia
 g - 4 potions of curing
 k - a potion of cancellation
 n - 7 potions of haste
 o - a potion of invisibility
 q - 11 potions of heal wounds
 C - 4 potions of brilliance
 F - 3 potions of resistance
 H - a potion of berserk rage
 J - 4 potions of flight
 Q - a potion of agility
Miscellaneous
 p - a lamp of fire
Comestibles
 e - 33 rations {!d}
 t - a chunk of flesh


   Skills:
 + Level 11.1 Fighting
 + Level 9.1 Short Blades
 + Level 11.1 Long Blades
 + Level 9.1 Axes
 + Level 9.1 Maces & Flails
 + Level 9.1 Polearms
 + Level 9.1 Staves
 + Level 9.1 Slings
 + Level 9.1 Bows
 + Level 9.1 Crossbows
 + Level 9.1 Throwing
 + Level 9.1 Armour
 + Level 11.1 Dodging
 + Level 9.1 Stealth
 + Level 9.1 Shields
 + Level 9.1 Unarmed Combat
 + Level 10.4 Spellcasting
 + Level 7.6 Conjurations
 + Level 7.6 Hexes
 + Level 7.6 Charms
 + Level 7.6 Summonings
 + Level 7.6 Necromancy
 + Level 7.6 Translocations
 + Level 7.6 Transmutations
 + Level 7.6 Fire Magic
 + Level 7.6 Ice Magic
 + Level 7.6 Air Magic
 + Level 7.6 Earth Magic
 + Level 7.6 Poison Magic
 + Level 9.9 Invocations
 + Level 9.1 Evocations


You had 7 spell levels left.
You knew the following spells:

 Your Spells              Type           Power        Failure   Level  Hunger
a - Flame Tongue          Conj/Fire      #####        1%          1    None
b - Ignite Poison         Fire/Tmut/Pois #####...     1%          3    None
c - Mephitic Cloud        Conj/Pois/Air  #####...     1%          3    None
d - Shackle               Hex            #####...     1%          2    None
e - False Image           Hex/Summ       #####...     1%          3    None
f - Bolt of Magma         Conj/Fire/Erth #####.....   2%          5    ####...
g - Regeneration          Chrm/Necr      #####.....   1%          3    None
h - Iron Shot             Conj/Erth      #####.....   12%         6    ######.

Your spell library contained the following spells:

 Spells                   Type           Power        Failure   Level  Hunger
 Lightning Bolt           Conj/Air       #####.....   2%          5    ####...
 Corona                   Hex            #####..      1%          1    None
 Infusion                 Chrm           #####...     1%          1    None
 Summon Small Mammal      Summ           ####         1%          1    None
 Call Imp                 Summ           #####.       1%          2    None
 Ensorcelled Hibernation  Hex/Ice        #####.       1%          2    None
 Song of Slaying          Chrm           #####...     1%          2    None
 Call Canine Familiar     Summ           #####...     1%          3    None
 Confuse                  Hex            #####...     1%          3    None
 Dazzling Spray           Conj/Hex       #####.       1%          3    None
 Inner Flame              Hex/Fire       N/A          1%          3    None
 Ozocubu's Armour         Chrm/Ice       #####...     1%          3    None
 Spectral Weapon          Hex/Chrm       #####...     1%          3    None
 Tukima's Dance           Hex            #####...     1%          3    None
 Yara's Violent Unravell  Hex/Tmut       #####.....   1%          4    ##.....
 Iskenderun's Battlesphe  Conj/Chrm      #####...     2%          5    ####...
 Cause Fear               Hex            #####.....   3%          4    ##.....
 Summon Ice Beast         Ice/Summ       #####...     3%          4    ##.....
 Piercing Shot            Chrm           #####.....   9%          5    ####...
 Silence                  Hex/Air        #####.....   9%          5    ####...
 Summon Lightning Spire   Summ/Air       #####...     9%          5    ####...
 Deflect Missiles         Chrm/Air       #####.....   41%         6    ######.
 Infestation              Hex/Tmut/Pois  #####....    41%         6    ######.
 Discord                  Hex            #####.....   100%        8    #######


Dungeon Overview and Level Annotations

Branches:
Dungeon (11/12)            Temple (1/1) D:4            Lair (6/6) D:7
 Shoals (0/3) Lair:4       Spider (0/3) Lair:3        Slime (0/5) Lair:5
    Orc (0/1) D:8
 Vaults: D:11-12

Altars:
Cheibriados
Fedhas
Hepliaklqana
Kikubaaqudgha
Makhleb
Nemelex Xobeh
Ru
Sif Muna
Trog
Vehumet
Wu Jian
Zin
Jiyva

Shops:
D:4 (   D:5 !   D:6 ?

Annotations:
Lair:2 2 transporters, Lazarus1551's ghost, journeyman OnAE
Lair:4 1 runed translucent door, Wairalebb's ghost, journeyman BaFi


Innate Abilities, Weirdness & Mutations

Your experience applies equally to all skills.
You have very sharp teeth.
Your uncanny sense of smell can sniff out nearby items.
You have an increased reservoir of magic. (+10% MP)
You are resistant to electric shocks. (rElec)


Message History

You block the large slime creature's attack.
You slash the large slime creature!
Your bite misses the large slime creature.
The large slime creature is almost dead.
You hit the large slime creature. You bite the large slime creature.
The large slime creature is almost dead.
Something barely misses your false image.
The large slime creature hits you!!
* * * LOW HITPOINT WARNING * * *
Casting: False Image (safe; 1% risk of failure)
Confirm with . or Enter, or press ? or * to list all spells.
Aiming: Bolt of Magma (safe; 2% risk of failure)
Press: ? - help, Shift-Dir - straight line, f - orc
Aim: an orc, wielding a +0 dagger You miscast Bolt of Magma.
You are very lightly contaminated with residual magic.
Nothing appears to happen.
Something barely misses your false image.
The large slime creature hits you!!
You die...

###........##........##### #.....
...........##.......)'...###.....
##.........#........###..##...<.
#....○○o...........# ##..'.....
####○######........# ####.....
#○# #######'## #..... ##°# #....#
##'### #°.# #.#### #.<.#
#####R###### #@# ###.#
#...o......# #J# +# ...........#
.o@ #..<.......# .....
#..............##+##
#...........#.. ∆ #...........#..
#..........##. ##.#########


You could see a large slime creature, an orc and a friendly false image.

Vanquished Creatures
  Gastronok (Lair:3)
  Kirke (Lair:5)
  Snorg (D:10)
  5 hydras
  Psyche (D:8)
  A centaur warrior (D:8)
  Urug (Lair:2)
  A cyclops (D:10)
  An ugly thing (D:9)
  An oklob plant (Lair:4)
  2 black mambas
  A merfolk siren (Lair:4)
  20 elephants
  Joseph (D:7)
  A torpor snail (Lair:3)
  15 cane toads
  7 rime drakes
  4 komodo dragons
  4 trolls
  A polar bear (Lair:4)
  A hornet (Lair:3)
  Grinder (D:4)
  6 dream sheep (Lair:6)
  8 blink frogs (Lair:6)
  3 merfolk (Lair:4)
  10 hippogriffs
  28 yaks
  4 wyverns
  4 hogs (Lair:5)
  2 basilisks (Lair:6)
  Grum (D:8)
  A redback simulacrum (D:8)
  2 steam dragons
  Edmund (D:4)
  A warg (Lair:6)
  15 crocodiles
  8 water moccasins
  An acid dragon (Lair:6)
  5 porcupines
  3 black bears
  A hell hound (Lair:6)
  4 sky beasts
  6 orc warriors
  2 swamp drakes (Lair:6)
  4 ice beasts
  5 ogres
  11 wolves
  6 centaurs
  2 big kobolds
  13 bullfrogs
  4 gnoll sergeants (D:8)
  Blork the orc (D:5)
  4 scorpions
  7 wights
  3 crimson imps
  A howler monkey (D:6)
  A quasit (D:6)
  A bullfrog zombie (D:4)
  2 hounds
  6 jellies (D:8)
  2 bullfrog skeletons
  8 orc priests
  12 orc wizards
  An iguana (D:8)
  8 worker ants
  6 gnolls
  16 adders
  A shadow imp (D:7)
  5 oozes (D:8)
  2 adder skeletons
  An adder zombie (D:7)
  4 worms
  3 dart slugs
  7 leopard geckos
  47 orcs
  2 bat zombies (D:4)
  6 giant cockroaches
  9 hobgoblins
  18 jackals
  16 kobolds
  8 quokkas
  2 ball pythons
  A bat (D:1)
  6 frilled lizards
  4 goblins
  A jackal skeleton (D:4)
  6 rats
  A rat zombie (D:4)
  2 plants
464 creatures vanquished.

Vanquished Creatures (others)
  A human (Lair:5)
  37 fungi
  24 plants
  A withered plant (Lair:4)
63 creatures vanquished.

Grand Total: 527 creatures vanquished

Notes
Turn   | Place    | Note
-------+----------+-------------------------------------------
     0 | D:1      | pasperui the Gnoll Reaver began the quest for the Orb.
     0 | D:1      | Reached XP level 1. HP: 23/23 MP: 6/6
    84 | D:1      | Reached XP level 2. HP: 19/29 MP: 7/7
   344 | D:1      | Reached * piety under Vehumet
   344 | D:1      | Offered knowledge of Flame Tongue by Vehumet.
   344 | D:1      | Reached XP level 3. HP: 35/35 MP: 9/9
   345 | D:1      | Reached skill level 5 in Spellcasting
   372 | D:1      | Learned a level 1 spell: Flame Tongue
   608 | D:1      | Reached skill level 1 in Invocations
  1014 | D:1      | Reached skill level 1 in Short Blades
  1014 | D:1      | Reached skill level 1 in Axes
  1014 | D:1      | Reached skill level 1 in Maces & Flails
  1014 | D:1      | Reached skill level 1 in Polearms
  1014 | D:1      | Reached skill level 1 in Staves
  1014 | D:1      | Reached skill level 1 in Slings
  1014 | D:1      | Reached skill level 1 in Bows
  1014 | D:1      | Reached skill level 1 in Crossbows
  1014 | D:1      | Reached skill level 1 in Throwing
  1014 | D:1      | Reached skill level 1 in Armour
  1014 | D:1      | Reached skill level 1 in Stealth
  1014 | D:1      | Reached skill level 1 in Shields
  1014 | D:1      | Reached skill level 1 in Unarmed Combat
  1014 | D:1      | Reached skill level 1 in Evocations
  1176 | D:2      | Reached XP level 4. HP: 41/41 MP: 11/11
  1301 | D:2      | Offered knowledge of Shock by Vehumet.
  1304 | D:2      | Reached ** piety under Vehumet
  1675 | D:2      | Reached skill level 1 in Conjurations
  1675 | D:2      | Reached skill level 1 in Hexes
  1675 | D:2      | Reached skill level 1 in Charms
  1675 | D:2      | Reached skill level 1 in Summonings
  1675 | D:2      | Reached skill level 1 in Necromancy
  1675 | D:2      | Reached skill level 1 in Translocations
  1675 | D:2      | Reached skill level 1 in Transmutations
  1675 | D:2      | Reached skill level 1 in Fire Magic
  1675 | D:2      | Reached skill level 1 in Ice Magic
  1675 | D:2      | Reached skill level 1 in Air Magic
  1675 | D:2      | Reached skill level 1 in Earth Magic
  1675 | D:2      | Reached skill level 1 in Poison Magic
  1849 | D:3      | Reached XP level 5. HP: 45/47 MP: 12/12
  2186 | D:3      | Offered knowledge of Ignite Poison by Vehumet.
  2310 | D:3      | Reached XP level 6. HP: 53/53 MP: 13/13
  2418 | D:3      | Learned a level 3 spell: Ignite Poison
  2431 | D:3      | Reached *** piety under Vehumet
  2612 | D:4      | Found a glowing silver altar of Zin.
  2681 | D:4      | Found a staircase to the Ecumenical Temple.
  2691 | Temple   | Entered the Ecumenical Temple
  2883 | D:4      | Reached XP level 7. HP: 56/59 MP: 15/15
  3028 | D:4      | Offered knowledge of Mephitic Cloud by Vehumet.
  3070 | D:4      | Noticed Edmund
  3133 | D:4      | Killed Edmund
  3144 | D:4      | Learned a level 3 spell: Mephitic Cloud
  3191 | D:4      | Found Sumnamy's Weapon Emporium.
  3279 | D:4      | Noticed Grinder
  3307 | D:4      | Paralysed by Grinder for 4 turns
  3315 | D:4      | Paralysed by Grinder for 3 turns
  3319 | D:4      | Killed Grinder
  3319 | D:4      | Reached XP level 8. HP: 34/67 MP: 14/16
  3321 | D:4      | Found an ancient bone altar of Kikubaaqudgha.
  3746 | D:5      | Entered Level 5 of the Dungeon
  3767 | D:5      | Reached **** piety under Vehumet
  3869 | D:5      | Found Fiafir's Distillery.
  4174 | D:5      | Noticed Blork the orc
  4178 | D:5      | Killed Blork the orc
  4182 | D:5      | Found a shimmering blue altar of Sif Muna.
  4425 | D:5      | Found an ornate altar of the Wu Jian Council.
  4800 | D:6      | Offered knowledge of Airstrike by Vehumet.
  4871 | D:6      | Reached XP level 9. HP: 51/72 MP: 18/18
  4964 | D:6      | Found a burning altar of Makhleb.
  4972 | D:6      | Found Cemum's Magic Scroll Shoppe.
  5021 | D:6      | Bought a scroll of identify for 22 gold pieces
  5021 | D:6      | Bought a scroll of teleportation for 33 gold pieces
  5021 | D:6      | Bought a scroll of teleportation for 33 gold pieces
  5021 | D:6      | Bought a scroll of blinking for 82 gold pieces
  5032 | D:6      | Gained mutation: You have an increased reservoir of magic.
                  | (+10% MP) [potion of mutation]
  5032 | D:6      | Gained mutation: You are resistant to electric shocks.
                  | (rElec) [potion of mutation]
  5126 | D:6      | Found a radiant altar of Vehumet.
  5473 | D:7      | Learned a level 2 spell: Shackle
  5477 | D:7      | Learned a level 3 spell: False Image
  5603 | D:7      | Reached skill level 5 in Invocations
  5825 | D:7      | Reached XP level 10. HP: 73/80 MP: 21/22
  5893 | D:7      | Found a staircase to the Lair.
  5923 | D:7      | Reached skill level 5 in Short Blades
  5923 | D:7      | Reached skill level 5 in Axes
  5923 | D:7      | Reached skill level 5 in Maces & Flails
  5923 | D:7      | Reached skill level 5 in Polearms
  5923 | D:7      | Reached skill level 5 in Staves
  5923 | D:7      | Reached skill level 5 in Slings
  5923 | D:7      | Reached skill level 5 in Bows
  5923 | D:7      | Reached skill level 5 in Crossbows
  5923 | D:7      | Reached skill level 5 in Throwing
  5923 | D:7      | Reached skill level 5 in Armour
  5923 | D:7      | Reached skill level 5 in Stealth
  5923 | D:7      | Reached skill level 5 in Shields
  5923 | D:7      | Reached skill level 5 in Unarmed Combat
  5923 | D:7      | Reached skill level 5 in Evocations
  6512 | D:8      | Noticed Grum
  6606 | D:8      | Reached ***** piety under Vehumet
  6618 | D:8      | Noticed Joseph
  6625 | D:8      | Killed Grum
  6625 | D:8      | Offered knowledge of Bolt of Magma by Vehumet.
  6647 | D:7      | Killed Joseph
  6739 | D:7      | Learned a level 5 spell: Bolt of Magma
  6823 | D:8      | Found a snail-covered altar of Cheibriados.
  6847 | D:8      | Noticed a centaur warrior
  6856 | D:8      | Killed a centaur warrior
  6864 | D:8      | Found a bloodstained altar of Trog.
  7011 | D:8      | Found a staircase to the Orcish Mines.
  7016 | D:8      | Reached XP level 11. HP: 87/87 MP: 21/24
  7053 | D:8      | Noticed Psyche
  7089 | D:8      | Killed Psyche
  7523 | D:8      | Found a blossoming altar of Fedhas.
  7625 | D:9      | Reached skill level 5 in Conjurations
  7625 | D:9      | Reached skill level 5 in Hexes
  7625 | D:9      | Reached skill level 5 in Charms
  7625 | D:9      | Reached skill level 5 in Summonings
  7625 | D:9      | Reached skill level 5 in Necromancy
  7625 | D:9      | Reached skill level 5 in Translocations
  7625 | D:9      | Reached skill level 5 in Transmutations
  7625 | D:9      | Reached skill level 5 in Fire Magic
  7625 | D:9      | Reached skill level 5 in Ice Magic
  7625 | D:9      | Reached skill level 5 in Air Magic
  7625 | D:9      | Reached skill level 5 in Earth Magic
  7625 | D:9      | Reached skill level 5 in Poison Magic
  7812 | D:9      | Found a sacrificial altar of Ru.
  7819 | D:9      | Noticed a brown ugly thing
  7829 | D:9      | Killed a brown ugly thing
  7981 | D:9      | Found a sacrificial altar of Ru.
  8100 | D:9      | Noticed a two-headed ogre
  8365 | D:10     | Entered Level 10 of the Dungeon
  8434 | D:10     | Noticed a cyclops
  8443 | D:10     | Killed a cyclops
  8471 | D:10     | Offered knowledge of Icicle Burst by Vehumet.
  8795 | D:10     | Noticed Snorg
  8808 | D:10     | Killed Snorg
  8928 | D:10     | Learned a level 3 spell: Regeneration
  9418 | Lair:1   | Entered Level 1 of the Lair of Beasts
  9491 | Lair:1   | Reached XP level 12. HP: 86/96 MP: 24/26
  9712 | Lair:1   | Noticed an eight-headed hydra
  9718 | Lair:1   | Killed an eight-headed hydra
 10812 | Lair:2   | Got a pair of translucent gloves
 10818 | Lair:2   | Identified the +1 pair of gloves of Roefeb {rF++ MR- Regen+
                  | Dex+4} (You found it on level 2 of the Lair of Beasts)
 10871 | Lair:2   | Noticed Urug
 11010 | Lair:2   | Killed Urug
 11043 | Lair:2   | Noticed Lazarus1551's ghost (journeyman OnAE)
 11045 | Lair:2   | Found a transporter.
 11049 | Lair:2   | Found a transporter.
 11271 | Lair:3   | Found a hole to the Spider Nest.
 11302 | Lair:3   | Reached skill level 10 in Fighting
 11302 | Lair:3   | Reached skill level 10 in Long Blades
 11302 | Lair:3   | Reached skill level 10 in Dodging
 11407 | Lair:3   | Found a bloodstained altar of Trog.
 11682 | Lair:2   | Reached XP level 13. HP: 89/103 MP: 28/28
 12047 | Lair:3   | Noticed Gastronok
 12079 | Lair:3   | Killed Gastronok
 12537 | Lair:4   | Found a staircase to the Shoals.
 13028 | Lair:4   | Found a runed translucent door.
 13028 | Lair:4   | Noticed Wairalebb's ghost (journeyman BaFi)
 13294 | Lair:4   | Offered knowledge of Iron Shot by Vehumet.
 13302 | Lair:4   | Learned a level 6 spell: Iron Shot
 13619 | Lair:5   | Found a viscous altar of Jiyva.
 13619 | Lair:5   | Found a staircase to the Slime Pits.
 13752 | Lair:5   | Noticed Kirke
 13762 | Lair:5   | Killed Kirke
 13762 | Lair:5   | Reached skill level 10 in Spellcasting
 13834 | Lair:5   | Reached XP level 14. HP: 101/111 MP: 3/30
 13939 | Lair:6   | Entered Level 6 of the Lair of Beasts
 14693 | Lair:6   | Offered knowledge of Lightning Bolt by Vehumet.
 15069 | D:11     | Slain by a large slime creature

Skill      XL: |  1  2  3  4  5  6  7  8  9 10 11 12 13 14 |
---------------+-------------------------------------------+-----
Spellcasting   | 5 6 7 8 9 10 | 10.4
Invocations    | 1 2 3 4 5 6 7 8 9 |  9.9
Short Blades   | 1 2 3 4 5 6 7 8 9 |  9.1
Axes           | 1 2 3 4 5 6 7 8 9 |  9.1
Maces & Flails | 1 2 3 4 5 6 7 8 9 |  9.1
Polearms       | 1 2 3 4 5 6 7 8 9 |  9.1
Staves         | 1 2 3 4 5 6 7 8 9 |  9.1
Slings         | 1 2 3 4 5 6 7 8 9 |  9.1
Bows           | 1 2 3 4 5 6 7 8 9 |  9.1
Crossbows      | 1 2 3 4 5 6 7 8 9 |  9.1
Throwing       | 1 2 3 4 5 6 7 8 9 |  9.1
Armour         | 1 2 3 4 5 6 7 8 9 |  9.1
Stealth        | 1 2 3 4 5 6 7 8 9 |  9.1
Shields        | 1 2 3 4 5 6 7 8 9 |  9.1
Unarmed Combat | 1 2 3 4 5 6 7 8 9 |  9.1
Evocations     | 1 2 3 4 5 6 7 8 9 |  9.1
Conjurations   | 1 2 3 4 5 6 7 |  7.6
Hexes          | 1 2 3 4 5 6 7 |  7.6
Charms         | 1 2 3 4 5 6 7 |  7.6
Summonings     | 1 2 3 4 5 6 7 |  7.6
Necromancy     | 1 2 3 4 5 6 7 |  7.6
Translocations | 1 2 3 4 5 6 7 |  7.6
Transmutations | 1 2 3 4 5 6 7 |  7.6
Fire Magic     | 1 2 3 4 5 6 7 |  7.6
Ice Magic      | 1 2 3 4 5 6 7 |  7.6
Air Magic      | 1 2 3 4 5 6 7 |  7.6
Earth Magic    | 1 2 3 4 5 6 7 |  7.6
Poison Magic   | 1 2 3 4 5 6 7 |  7.6
Fighting       | 7 8 9 10 11 | 11.1
Long Blades    | 7 8 9 10 11 | 11.1
Dodging        | 7 8 9 10 11 | 11.1

Action                   |  1- 3 |  4- 6 |  7- 9 | 10-12 | 13-15 || total
-------------------------+-------+-------+-------+-------+-------++-------
Melee: Long sword        |   123 |   235 |   301 |       |       ||   659
       Bite              |     7 |    14 |    46 |    63 |    51 ||   181
       Punch             |       |     1 |     6 |       |       ||     7
       Falchion          |       |       |   101 |   313 |   341 ||   755
       Staff             |       |       |       |    23 |       ||    23
       Unarmed           |       |       |       |       |     2 ||     2
 Cast: Flame Tongue      |       |     1 |    20 |   126 |   101 ||   248
       Mephitic Cloud    |       |       |    20 |    96 |    70 ||   186
       Ignite Poison     |       |       |     8 |    55 |    52 ||   115
       Shackle           |       |       |     1 |     2 |     5 ||     8
       Bolt of Magma     |       |       |       |    38 |    38 ||    76
       False Image       |       |       |       |       |     1 ||     1
Evoke: Wand              |       |       |       |     1 |     3 ||     4
       Staff of power    |       |       |       |     1 |       ||     1
  Use: Scroll            |       |       |    11 |    13 |     3 ||    27
       Potion            |       |       |     1 |     1 |     2 ||     4
 Stab: Distracted        |     1 |       |     1 |       |     1 ||     3
       Sleeping          |       |     1 |     4 |     5 |     1 ||    11
       Confused          |       |       |     5 |     8 |     9 ||    22
  Eat: Chunk             |     1 |     6 |    10 |    14 |    16 ||    47
       Ration            |       |       |       |     4 |     1 ||     5
Armor: Steam dragon scal |    31 |    62 |    82 |    81 |    59 ||   315
Dodge: Dodged            |    96 |   161 |   234 |   271 |   204 ||   966
Block: Other             |     4 |     8 |    17 |       |       ||    29
       Buckler           |       |       |    13 |   145 |   194 ||   352
       Reflection        |       |       |       |       |     2 ||     2
